 Dungeon Crawl Stone Soup version 0.27.1-2-g3b301248ec (webtiles) character file.

Game seed: 12086304031118840943

58 Urokeeper the Covered (level 4, -2/28 HPs)
             Began as a Gargoyle Fighter on Sept 29, 2021.
             Killed from afar by an orc wizard (6 damage)
             ... with a magic dart
             ... on level 3 of the Dungeon.
             The game lasted 00:04:54 (3164 turns).

Urokeeper the Covered (Gargoyle Fighter)            Turns: 3164, Time: 00:04:55

Health: -2/28      AC: 11    Str: 20    XL:     4   Next: 1%
Magic:  4/4        EV: 11    Int:  9    God:
Gold:   127        SH:  0    Dex:  9    Spells: 3/3 levels left

rFire    . . .     SeeInvis +   a - +0 flail
rCold    . . .     Faith    .   c - +0 kite shield
rNeg     + . .     Spirit   .   b - +0 scale mail
rPois    ∞         Reflect  .   (no helmet)
rElec    +         Harm     .   (no cloak)
rCorr    .         Rampage  .   k - +0 pair of gloves
Will     .....                  (no boots)
Stlth    ..........             (no amulet)
HPRegen  0.09/turn              m - +4 ring of evasion
MPRegen  0.09/turn              i - ring of see invisible

@: confused, mighty
A: sickness immunity, AC +3, negative energy resistance 1, electricity
resistance, torment resistance 1, petrification resistance
a: no special abilities


You were on level 3 of the Dungeon.
You visited 1 branch of the dungeon, and saw 3 of its levels.

You collected 127 gold pieces.

Inventory:

Hand Weapons
 a - a +0 flail (weapon)
Armour
 b - a +0 scale mail (worn)
 c - a +0 kite shield (worn)
 k - a +0 pair of gloves (worn)
Jewellery
 f - a ring of magical power
 i - a ring of see invisible (right hand)
 m - a +4 ring of evasion (left hand)
Scrolls
 e - a scroll of summoning {unknown}
 g - a scroll of teleportation {unknown}
 j - a scroll of fog {unknown}
 l - a scroll of fear {unknown}
 n - a scroll of immolation {unknown}
Potions
 d - 2 potions of might
 h - a potion of flight {unknown}


   Skills:
 + Level 3.5 Fighting
 + Level 2.8 Maces & Flails
 + Level 3.9 Armour
 + Level 0.4 Dodging
 + Level 3.8 Shields


You had 3 spell levels left.
You didn't know any spells.
Your spell library was empty.

Dungeon Overview and Level Annotations

Branches:
Dungeon (3/15)

Altars:
Hepliaklqana
Zin

Shops:
D:3 *


Innate Abilities, Weirdness & Mutations

You are immune to sickness and miasma.
Your stone body is resilient. (AC +3)
You are immune to poison.
You resist negative energy. (rN+)
You are resistant to electric shocks. (rElec)
You are resistant to unholy torment.
You are immune to petrification.


Message History

You completely miss the orc.
The orc is severely wounded.
The orc hits you with a +0 flail.
* * * LOW HITPOINT WARNING * * *
The orc wizard gestures at you while chanting.
You resist with some effort. You block the orc's attack.
Your shield and scale mail prevent you from hitting the orc.
The orc is severely wounded.
The orc wizard hits you but does no damage.
The orc barely misses you.
The orc wizard hits you but does no damage.
You hit the orc but do no damage.
The orc is heavily wounded.
The orc barely misses you. The orc wizard closely misses you.
The orc closely misses you.
You feel very mighty all of a sudden.
The orc wizard hits you but does no damage.
You block the orc's attack.
You barely miss the orc wizard.
The orc wizard is moderately wounded.
The orc wizard points at you and mumbles some strange words.
You resist with some effort. The orc closely misses you.
The orc wizard hits you but does no damage.
You closely miss the orc wizard.
The orc wizard is moderately wounded.
The orc hits you but does no damage. The orc wizard casts a spell at you.
The magic dart hits you but does no damage.
The orc barely misses you.
You sock the orc wizard!
The orc wizard is almost dead.
The orc wizard casts a spell at you. You block the puff of flame.
You block the orc's attack. The orc wizard casts a spell at you.
You are confused.
You bump into the rock wall.
The orc hits you with a +0 flail.
* * * LOW HITPOINT WARNING * * *
The orc wizard casts a spell at you. The magic dart hits you.
You die...

#.>......#
####.##### #.# #.#
##### #######.#
######.....
#.......# #.......##
#.#.#.#.###.#oo..o.#
##...##.#o#
##.....o@#
#...##.### #.#.###.#
..##.# #.# .... ..#
#.. ##. ##'# ### #
... ..


You could see an orc wizard and 3 orcs.

Vanquished Creatures
  An adder (D:3)
  2 dart slugs
  7 ball pythons
  6 endoplasms
  A giant cockroach (D:1)
  4 goblins
  4 hobgoblins
  A quokka (D:3)
  7 bats
  A frilled lizard (D:3)
  3 kobolds
  4 rats
41 creatures vanquished.

Notes
Turn   | Place    | Note
-------+----------+-------------------------------------------
     0 | D:1      | Urokeeper the Gargoyle Fighter began the quest for the Orb.
     0 | D:1      | Reached XP level 1. HP: 14/14 MP: 1/1
   433 | D:1      | Reached XP level 2. HP: 19/19 MP: 2/2
  1225 | D:1      | Reached XP level 3. HP: 21/23 MP: 3/3
  1721 | D:2      | Found a hazy altar of Hepliaklqana.
  1775 | D:2      | Found a faded altar of an unknown god.
  2817 | D:3      | Found Zin's Purification Station.
  2823 | D:3      | Found a glowing silver altar of Zin.
  3139 | D:3      | Reached XP level 4. HP: 27/28 MP: 4/4
  3164 | D:3      | Killed from afar by an orc wizard

Illustrated notes

Levels and vault maps discovered:
D:1:      lemuel_arrival_river_bridge, layout_basic, minmay_misc_feat_encased
D:2:      layout_loops_corners, shapermc_ecumenical_altar_gd, basic_altar
D:3:      layout_loops_corners, zin_purify, serial_shops, shop

Action                   |  1- 3 |  4- 6 || total
-------------------------+-------+-------++-------
Melee: Flail             |   168 |    22 ||   190
  Use: Potion            |       |     1 ||     1
Armor: Scale mail        |   107 |    23 ||   130
Dodge: Dodged            |    66 |    23 ||    89
Block: Kite shield       |    80 |    11 ||    91
